 Dungeon Crawl Stone Soup version 0.30.1-9-gdf580d7c3d (webtiles) character file.

Game seed: 16104974820403433808

19670 monsoonserge the Skirmisher (level 12, -6/65 HPs)
             Began as a Spriggan Hunter on Oct 23, 2023.
             Was a High Priest of Okawaru.
             Killed from afar by an electric eel (10 damage)
             ... with a bolt of electricity
             ... on level 1 of the Lair of Beasts.
             The game lasted 00:51:25 (12468 turns).

monsoonserge the Skirmisher (Spriggan Hunter)      Turns: 12468, Time: 00:51:25

Health: -6/65      AC: 16    Str:  9    XL:     12   Next: 38%
Magic:  18/18      EV: 20    Int: 13    God:    Okawaru [*****.]
Gold:   755        SH:  5    Dex: 27    Spells: 11/11 levels left

rFire   . . .        a - +2 hand crossbow (flame)
rCold   . . .        (no shield)
rNeg    . . .        M - +2 swamp dragon scales
rPois   +            t - +2 hat
rElec   .            (no cloak)
rCorr   .            (gloves unavailable)
SInv    +            (boots unavailable)
Will    ++...        B - amulet of reflection
Stlth   +++          A - +6 ring of dexterity
HPRegen 0.30/turn    K - ring "Nymoz" {AC+4 Int+2}
MPRegen 0.16/turn

%: reflection
@: very quick
A: very small, no large weapons, unfitting armour, see invisible, speed 3
a: Renounce Religion, Heroism, Finesse, Duel


You were on level 1 of the Lair of Beasts.
You worshipped Okawaru.
Okawaru was extremely pleased with you.
You visited 3 branches of the dungeon, and saw 13 of its levels.

You collected 914 gold pieces.
You spent 159 gold pieces at shops.

Inventory:

Hand Weapons
 a - a +2 hand crossbow of flaming (weapon)
 b - the +11 Singing Sword {sonic wave}
   (You took it off a kobold demonologist on level 7 of the Dungeon)
Missiles
 l - 3 curare-tipped darts
 v - 4 throwing nets
 x - 33 poisoned darts
Armour
 c - a +0 robe
 h - +0 fire dragon scales
 t - a +2 hat (worn)
 I - a +0 buckler
 M - +2 swamp dragon scales (worn)
 Q - a +1 robe of the Archmagi
 R - a +2 robe of fire resistance
 U - +0 acid dragon scales
 V - the +0 robe of Kiff {*Slow rElec rF+ Will++}
   (Okawaru gifted it to you on level 9 of the Dungeon)

   rF:        It protects you from fire.
   rElec:     It insulates you from electricity.
   *Slow:     It may slow you when you take damage.
   Will:      It greatly increases your willpower.
Magical Staves
 q - a staff of death
Jewellery
 y - an amulet of the acrobat
 A - a +6 ring of dexterity (left hand)
 B - an amulet of reflection (around neck)
 F - a ring of protection from fire
 K - the ring "Nymoz" (right hand) {AC+4 Int+2}
   (You took it off an orc wizard on level 7 of the Dungeon)

   [ring of protection]

   AC:        It affects your AC (+4).
   Int:       It affects your intelligence (+2).
 P - a ring of magical power
Wands
 J - a wand of digging (8)
 L - a wand of polymorph (15)
 N - a wand of light (12)
 T - a wand of mindburst (14)
Scrolls
 d - 3 scrolls of amnesia
 j - a scroll of brand weapon {unknown}
 m - 2 scrolls of fear
 n - 5 scrolls of teleportation
 o - 4 scrolls of blinking
 r - a scroll of torment
 D - a scroll of silence
 E - 3 scrolls of magic mapping {unknown}
 G - a scroll of immolation
 O - a scroll of fog {unknown}
 S - a scroll of butterflies {unknown}
 W - 2 scrolls of enchant armour
 Y - 2 scrolls of enchant weapon {unknown}
 Z - a scroll of acquirement {unknown}
Potions
 e - 4 potions of haste
 f - 6 potions of curing
 g - a potion of invisibility {unknown}
 i - 3 potions of heal wounds
 k - 2 potions of degeneration {unknown}
 p - 2 potions of attraction
 s - 5 potions of mutation {unknown}
 u - a potion of cancellation {unknown}
 w - 2 potions of brilliance {unknown}
 z - 3 potions of flight
 C - 2 potions of resistance {unknown}
 H - a potion of berserk rage {unknown}
Miscellaneous
 X - a lightning rod (4/4)


   Skills:
 + Level 8.2 Fighting
 * Level 6.0 Long Blades
 + Level 13.1 Ranged Weapons
 + Level 0.3 Throwing
 + Level 5.3 Armour
 + Level 6.7 Dodging
 + Level 4.4 Stealth
 * Level 6.9 Invocations
 + Level 1.5 Evocations


You had 11 spell levels left.
You didn't know any spells.
Your spell library contained the following spells:

 Spells                   Type           Power      Damage    Failure   Level
 Apportation              Tloc           0%         N/A       61%         1
 Magic Dart               Conj           0%         1d3       61%         1
 Poisonous Vapours        Pois/Air       0%         N/A       75%         2
 Gell's Gravitas          Tloc           0%         N/A       93%         3
 Mephitic Cloud           Conj/Pois/Air  0%         N/A       93%         3
 Teleport Other           Tloc           0%         N/A       93%         3
 Petrify                  Tmut/Erth      0%         N/A       100%        4
 Alistair's Intoxication  Tmut/Pois      0%         N/A       100%        5
 Freezing Cloud           Conj/Ice/Air   0%         6-21      100%        5
 Metabolic Englaciation   Hex/Ice        0%         N/A       100%        5
 Dispersal                Tloc           0%         N/A       100%        6
 Statue Form              Tmut/Erth      0%         N/A       100%        6
 Call Imp                 Summ           Unusable   N/A       N/A         2

Dungeon Overview and Level Annotations

Branches:
Dungeon (11/15)            Temple (1/1) D:5            Lair (1/5) D:10
    Orc (0/2) D:11

Altars:
Ashenzari
Cheibriados
Dithmenos
Elyvilon
Fedhas
Gozag
Hepliaklqana
Kikubaaqudgha
Makhleb
Nemelex Xobeh
Okawaru
Qazlal
Ru
Sif Muna
Trog
Uskayaw
Vehumet
Wu Jian
Xom
Yredelemnul
Zin
The Shining One

Shops:
D:2 ?   D:8 ?


Innate Abilities, Weirdness & Mutations

You are very small and have problems with some larger weapons.
You are too small for most types of armour.
You have supernaturally acute eyesight. (SInv)
You cover ground extremely quickly. (Speed+++)


Message History

Your line of fire to the electric eel is blocked by a plant.
Your line of fire to the electric eel is blocked by a plant.
Your line of fire to the electric eel is blocked by a plant.
Your line of fire to the electric eel is blocked by a plant.
You enter the shallow water.
Moving in this stuff is going to be slow.
The electric eel shoots out a bolt of lightning at you!
The bolt of electricity hits the plant!
The plant begins to die.
The bolt of electricity hits you.
Your line of fire to the electric eel is blocked by a plant.
The electric eel shoots out a bolt of lightning at you!
The bolt of electricity hits the plant!
The bolt of electricity hits you.
You shoot a bolt. The bolt hits the electric eel!
The bolt burns the electric eel.
The electric eel is severely wounded.
The electric eel shoots out a bolt of lightning at you!
The bolt of electricity hits the plant.
The bolt of electricity hits you!
You shoot a bolt.
The bolt barely misses the electric eel.
A nearby plant withers and dies.
The electric eel shoots out a bolt of lightning at you!
The bolt of electricity hits you.
You shoot a bolt.
The bolt closely misses the electric eel.
The electric eel shoots out a bolt of lightning at you!
The bolt of electricity hits you!
The electric eel shoots out a bolt of lightning at you!
The bolt of electricity hits the plant.
The plant begins to die.
The bolt of electricity hits you!
* * * LOW HITPOINT WARNING * * *
The electric eel shoots out a bolt of lightning at you!
The bolt of electricity hits the plant!
The plant begins to die.
The bolt of electricity hits you.
* * * LOW HITPOINT WARNING * * *
The bolt of electricity hits you but does no damage.
The electric eel shoots out a bolt of lightning at you!
The bolt of electricity hits the plant!
The bolt of electricity hits you!
* * * LOW HITPOINT WARNING * * *
The bolt of electricity hits you!
You die...

### #♣~♣# ##♣~≈P♣ ##~♣~S~♣♣
#~PPP~~P♣ ##♣.~P.~♣
#♣#.=...# ##.......#
#.@......# ## ###
#.#######.# #.##.#####.# ##
. #.......##.########## ..
#......'...P#.##.##P#####...
#......##...................
#......####.#############...
#......# ### .. #......# .


You could see an electric eel.

Vanquished Creatures
  Gastronok (D:10)
  3 two-headed ogres
  A sun demon (D:10)
  A deep elf pyromancer (D:7)
  3 ugly things
  2 cyclopes
  A manticore (D:11)
  2 cane toads (Lair:1)
  2 black mambas (Lair:1)
  A gargoyle (D:7)
  Maggie (D:8)
  A kobold demonologist (D:7)
  A rime drake (Lair:1)
  Grinder (D:4)
  3 trolls
  A hornet (D:11)
  A slime creature (D:7)
  Sigmund (D:3)
  3 wyverns
  12 yaks
  Eustachio (D:4)
  A vampire (D:9)
  A basilisk (Lair:1)
  A steam dragon (D:6)
  4 vampire mosquitoes
  2 acid dragons
  2 water moccasins
  Duvessa (D:4)
  2 sky beasts (D:7)
  An ice beast (D:7)
  10 orc warriors
  2 black bears (D:5)
  5 ogres
  10 centaurs
  5 kobold brigands
  6 bullfrogs
  2 gnoll sergeants
  3 scorpions
  10 wights
  Dowan (D:4)
  10 killer bees (D:9)
  9 howler monkeys
  A quasit (D:10)
  Crazy Yiuf (D:3)
  5 gnoll boudas
  2 hounds
  6 orc priests
  A jelly (D:6)
  A sleepcap (D:6)
  Ijyb (D:3)
  3 iguanas
  16 orc wizards
  Robin (D:2)
  24 gnolls
  5 adders
  A shadow imp (D:6)
  3 white imps
  An ufetubus (D:5)
  3 worms
  32 orcs
  4 bats
  6 endoplasms
  3 giant cockroaches
  15 goblins
  6 hobgoblins
  4 jackals (D:1)
  10 kobolds
  3 quokkas
  3 ball pythons
  3 rats
295 creatures vanquished.

Vanquished Creatures (others)
  A sky beast (D:7)
  An orc wizard (D:7)
  A quokka (D:4)
3 creatures vanquished.

Grand Total: 298 creatures vanquished

Notes
Turn   | Place    | Note
-------+----------+-------------------------------------------
     0 | D:1      | monsoonserge the Spriggan Hunter began the quest for the
                  | Orb.
     0 | D:1      | Reached XP level 1. HP: 10/10 MP: 2/2
    92 | D:1      | Reached XP level 2. HP: 14/14 MP: 3/3
   276 | D:1      | You fall into a shaft and drop 1 floor!
   314 | D:2      | Reached XP level 3. HP: 18/18 MP: 4/4
   721 | D:1      | Reached skill level 5 in Ranged Weapons
   763 | D:2      | Found Eral's Magic Scroll Boutique.
   781 | D:2      | Bought a scroll of fear for 44 gold pieces
   781 | D:2      | Bought a scroll of teleportation for 33 gold pieces
   848 | D:2      | Found a faded altar of an unknown god.
  1023 | D:2      | Noticed Robin
  1074 | D:2      | Killed Robin
  1075 | D:2      | Reached XP level 4. HP: 23/23 MP: 5/5
  1372 | D:3      | Found a hide-covered altar of Uskayaw.
  1387 | D:3      | Found a glowing silver altar of Zin.
  1433 | D:3      | Found a runed translucent door.
  1434 | D:3      | Noticed Crazy Yiuf
  1513 | D:3      | Reached skill level 6 in Ranged Weapons
  1513 | D:3      | Reached XP level 5. HP: 17/26 MP: 6/6
  1719 | D:3      | Noticed Ijyb
  2094 | D:3      | Noticed Sigmund
  2121 | D:4      | Noticed an ogre
  2131 | D:4      | Killed an ogre
  2132 | D:4      | Reached XP level 6. HP: 32/32 MP: 7/7
  2437 | D:4      | Noticed Eustachio
  2437 | D:4      | Noticed Duvessa
  2437 | D:4      | Noticed Dowan
  2466 | D:5      | Entered Level 5 of the Dungeon
  2490 | D:5      | Reached skill level 7 in Ranged Weapons
  2638 | D:5      | Found a staircase to the Ecumenical Temple.
  2673 | Temple   | Entered the Ecumenical Temple
  2813 | Temple   | Became a worshipper of Warmaster Okawaru
  2919 | D:5      | Reached XP level 7. HP: 30/35 MP: 8/8
  3208 | D:5      | Reached skill level 8 in Ranged Weapons
  3208 | D:5      | Reached skill level 1 in Invocations
  3466 | D:4      | Identified the +8 long sword of Haum {flame, rElec rN+
                  | Str-4 Int+4}
  3472 | D:4      | Noticed Grinder
  3485 | D:4      | Killed Grinder
  3485 | D:4      | Reached * piety under Okawaru
  3501 | D:4      | Found a white marble altar of Elyvilon.
  3745 | D:4      | Killed Duvessa
  3746 | D:4      | Reached skill level 9 in Ranged Weapons
  3746 | D:4      | Reached XP level 8. HP: 34/40 MP: 10/10
  3806 | D:4      | Killed Eustachio
  3832 | D:4      | Killed Dowan
  4136 | D:6      | Reached ** piety under Okawaru
  4313 | D:6      | Reached skill level 10 in Ranged Weapons
  4663 | D:7      | Noticed a two-headed ogre
  4667 | D:7      | Noticed a cyclops
  4824 | D:7      | Noticed a slime creature
  4863 | D:7      | Found a sacrificial altar of Ru.
  4878 | D:8      | Found a basalt altar of Yredelemnul.
  4909 | D:8      | Reached XP level 9. HP: 36/46 MP: 11/11
  5003 | D:8      | Found Naollul's Magic Scroll Emporium.
  5039 | D:8      | HP: 2/46 [orc priest/divine providence (15)]
  5404 | D:7      | Reached skill level 11 in Ranged Weapons
  5491 | D:8      | Noticed Maggie
  5535 | D:7      | Identified the +1 leather armour "Mimisuax" {rF++ Will-
                  | Int+2}
  5535 | D:7      | Noticed a kobold demonologist
  5539 | D:7      | Reached *** piety under Okawaru
  5557 | D:7      | Identified the ring "Nymoz" {AC+4 Int+2}
  5566 | D:7      | Noticed a white ugly thing
  5569 | D:7      | Noticed a brown ugly thing
  5569 | D:7      | Noticed a deep elf pyromancer
  5571 | D:7      | Reached skill level 5 in Fighting
  5680 | D:7      | Found a burning altar of Makhleb.
  5735 | D:7      | Reached skill level 1 in Armour
  5850 | D:7      | Noticed a gargoyle
  5870 | D:7      | Killed a gargoyle
  6082 | D:7      | Reached **** piety under Okawaru
  6093 | D:7      | Killed a cyclops
  6159 | D:7      | Reached XP level 10. HP: 20/53 MP: 12/12
  6160 | D:7      | Received a gift from Okawaru
  6354 | D:7      | Killed a two-headed ogre
  6538 | D:7      | Reached ***** piety under Okawaru
  6619 | D:7      | Noticed a sixfirhy
  6620 | D:7      | Noticed an orange demon
  6720 | D:7      | Reached skill level 5 in Dodging
  6818 | D:7      | Identified the +0 scale mail of Death's Door {Str-5 Dex+3
                  | Stlth+}
  6859 | D:7      | Killed a deep elf pyromancer
  7096 | D:7      | Killed a brown ugly thing
  7096 | D:7      | Received a gift from Okawaru
  7097 | D:7      | Reached skill level 1 in Long Blades
  7099 | D:7      | Killed a white ugly thing
  7411 | D:8      | Killed Maggie
  7412 | D:8      | Reached skill level 5 in Armour
  7484 | D:8      | Reached XP level 11. HP: 55/58 MP: 15/15
  8022 | D:8      | Reached skill level 12 in Ranged Weapons
  8022 | D:8      | Reached skill level 5 in Invocations
  8417 | D:2      | Bought a scroll of blinking for 82 gold pieces
  8510 | D:3      | Killed Ijyb
  8609 | D:3      | Killed Sigmund
  8853 | D:3      | Killed Crazy Yiuf
  9300 | D:9      | Identified the +0 robe of Kiff {*Slow rElec rF+ Will++}
                  | (Okawaru gifted it to you on level 9 of the Dungeon)
  9300 | D:9      | Received a gift from Okawaru
  9630 | D:9      | Found an ancient bone altar of Kikubaaqudgha.
  9813 | D:9      | Reached skill level 1 in Evocations
  9954 | D:10     | Entered Level 10 of the Dungeon
  9978 | D:10     | Found a staircase to the Lair.
 10254 | D:10     | Noticed Gastronok
 10262 | D:10     | Killed Gastronok
 10404 | D:10     | Noticed a sun demon
 10420 | D:10     | Killed a sun demon
 10567 | D:10     | Noticed a sun demon
 11007 | D:11     | Noticed a cyan ugly thing
 11014 | D:11     | Killed a cyan ugly thing
 11214 | D:11     | Reached skill level 5 in Long Blades
 11335 | D:11     | Noticed a two-headed ogre
 11371 | D:11     | Killed a two-headed ogre
 11372 | D:11     | Reached XP level 12. HP: 64/64 MP: 17/17
 11608 | D:11     | Noticed a two-headed ogre
 11614 | D:11     | Killed a two-headed ogre
 11864 | D:11     | Identified the +5 broad axe "Vish" {flame, rElec Dex+4}
                  | (Okawaru gifted it to you on level 11 of the Dungeon)
 11864 | D:11     | Received a gift from Okawaru
 11933 | D:11     | Found a staircase to the Orcish Mines.
 12057 | Lair:1   | Entered Level 1 of the Lair of Beasts
 12090 | Lair:1   | Reached skill level 13 in Ranged Weapons
 12468 | Lair:1   | Killed from afar by an electric eel

Illustrated notes

Levels and vault maps discovered:
D:1:      wander_arrival_desolate, layout_loops_ring
D:2:      layout_rooms, shapermc_ecumenical_altar_mp_ritualfount, serial_shops,
          nicolae_shop_peninsula, uniq_robin
D:3:      layout_basic, mainiacjoe_overflow_catch_the_wave, amethyst_killhole,
          uniq_ijyb, uniq_crazy_yiuf_cottage, uniq_sigmund
D:4:      nicolae_cairo_tiling_large_dashed, layout_basic, elyvilon_altar_4,
          uniq_eustachio, uniq_grinder, uniq_duvessa
D:5:      nicolae_cairo_tiling_very_big, layout_loops_ring,
          minmay_temple_entry_overgrown, item_on_display_a
D:6:      layout_loops_ring
D:7:      minmay_the_grid_octo_2x2 [minmay_the_grid_octo_odd_swirl,
          minmay_the_grid_octo_pinwheel, minmay_the_grid_octo_clover_2,
          minmay_the_grid_octo_prize_star], layout_basic,
          mainiacjoe_overflow_alcove_1, kennysheep_little_box
D:8:      kennysheep_seaside_town, layout_basic, lemuel_crystal_altar,
          serial_shops, shop, uniq_maggie
D:9:      layout_long_grid, nicolae_kikubaaqudgha_miasma_corner
D:10:     layout_roguey, lair_entry_dummy, serial_demonic, serial_demonic_b,
          serial_demonic_g, serial_demonic_c, serial_demonic_a, uniq_gastronok
D:11:     layout_stronghold, david_orc_4
Temple:   nicolae_temple_superstar
Lair:1:   layout_roguey, basic_altar, nicolae_quartered_pool_impasse,
          serial_bayou_shore_b, grunt_megastairs_3

Skill      XL: |  1  2  3  4  5  6  7  8  9 10 11 12 |
---------------+-------------------------------------+-----
Ranged Weapons | 5 6 7 9 10 11 12 13 | 13.1
Fighting       | 2 3 4 6 7 8 |  8.2
Dodging        | 3 4 5 6 |  6.7
Stealth        | 2 3 4 |  4.4
Invocations    | 2 4 6 |  6.9
Armour         | 3 5 |  5.3
Long Blades    | 1 5 6 |  6.0
Evocations     | 1 |  1.5
Throwing       | |  0.3

Action                     |  1- 3 |  4- 6 |  7- 9 | 10-12 || total
---------------------------+-------+-------+-------+-------++-------
  Melee: Double sword      |       |       |       |   121 ||   121
   Fire: Shortbow          |    85 |   151 |   325 |    69 ||   630
         Hand crossbow     |       |       |       |   231 ||   231
  Throw: Dart              |       |       |       |     7 ||     7
 Invoke: Heroism           |       |       |     1 |       ||     1
    Use: Scroll            |       |       |     7 |     4 ||    11
         Potion            |       |       |     1 |       ||     1
   Stab: Distracted        |       |       |       |     1 ||     1
 Armour: Robe              |     3 |     7 |     3 |       ||    13
         Fire dragon scale |       |       |    29 |    12 ||    41
         Swamp dragon scal |       |       |       |    44 ||    44
  Dodge: Dodged            |    30 |    29 |   101 |   198 ||   358
  Block: Other             |       |       |    31 |    65 ||    96
         Reflection        |       |       |     9 |     4 ||    13
